 Dungeon Crawl Stone Soup version 0.18.1-47-g9310371 (webtiles) character file.

345 sarahorange the Jester (level 6, 0/52 HPs)
             Began as a Deep Dwarf Artificer on June 17, 2016.
             Was a Follower of Nemelex Xobeh.
             Slain by a crocodile (14 damage)
             ... in a sewer.
             The game lasted 00:42:58 (3034 turns).

sarahorange the Jester (Deep Dwarf Artificer)       Turns: 3034, Time: 00:42:59

Health: 0/52       AC:  8    Str: 13 (15) XL:     6   Next: 32%
Magic:  9/9        EV:  7    Int: 10 (13) God:    Nemelex Xobeh [*.....]
Gold:   167        SH:  0    Dex: 13 (14) Spells: 0 memorised, 5 levels left

rFire  . . .     SeeInvis .     k - +2 dire flail
rCold  . . .     Gourm    .     A - +0 chain mail
rNeg   . . .     Faith    .     (shield currently unavailable)
rPois  .         Spirit   .     (no helmet)
rElec  .         Dismiss  .     (no cloak)
rCorr  .         Reflect  .     (no gloves)
SustAt .         Harm     .     (no boots)
MR     .....                    (no amulet)
Stlth  ..........               (no ring)
                                x - +3 ring of slaying

@: non-regenerating, not resistant to hostile enchantments, extremely unstealthy
A: damage resistance, recharge devices, sense surroundings 1, slow regeneration
3
a: Device Recharging, Renounce Religion


You were in a sewer.
You worshipped Nemelex Xobeh.
Nemelex Xobeh was aware of your devotion.
You were not hungry.

You visited 1 branch of the dungeon, and saw 4 of its levels.
You also visited: Sewer.

You collected 167 gold pieces.

Inventory:

Hand Weapons
 a - a +1 short sword
 h - a +2 dagger of speed
 k - a +2 dire flail (weapon)
 n - a +0 dagger of draining
 z - a +0 trident
 B - a +0 whip
Missiles
 D - a tomahawk (quivered)
Armour
 b - a +0 leather armour
 j - a +0 leather armour
 l - a +0 chain mail
 s - a +0 leather armour
 A - a +0 chain mail (worn)
Jewellery
 x - a +3 ring of slaying (left hand)
Wands
 c - a wand of flame (0/48)
 d - a wand of enslavement (13/24)
 e - a wand of random effects (12/48)
 f - a wand of heal wounds (0/9)
 r - a wand of random effects (14/48)
 G - a wand of flame (16/48)
Scrolls
 m - a scroll of identify
 o - a scroll of amnesia
 q - a scroll of remove curse
 u - a scroll of fear
 y - a scroll of random uselessness {unknown}
 E - a scroll of enchant armour {unknown}
 H - a scroll of teleportation
Potions
 i - 3 potions of brilliance
 v - a potion of mutation {unknown}
 w - a potion of haste {unknown}
 F - a potion of curing {unknown}
Miscellaneous
 C - a plain deck of war
Comestibles
 g - 3 bread rations


   Skills:
 + Level 2.2 Fighting
 + Level 1.8 Short Blades
 + Level 2.2 Throwing
 + Level 2.7 Armour
 + Level 3.7 Dodging
 * Level 2.1 Stealth
 + Level 5.2 Evocations


You had 5 spell levels left.
You didn't know any spells.

Dungeon Overview and Level Annotations

Branches:
Dungeon (4/15)
 Temple: D:4-7

Altars:
Ashenzari
Dithmenos
Nemelex Xobeh
Sif Muna
Yredelemnul


Innate Abilities, Weirdness & Mutations

You are resistant to damage.
You can recharge devices by infusing magical energy.
You passively map a small area around you.
You do not regenerate naturally.


Message History

The bat barely misses you.
You puncture the bat!
You kill the bat!
D - a tomahawk
D - 2 tomahawks (gained 1)
There are no items here.
Found a gate leading back out of this place.
A crocodile comes into view.
Found 15 stones and 18 gold pieces.
Throwing (i - inventory):
D - 2 tomahawks (quivered)
Press: ? - help, Shift-Dir - straight line, f - crocodile
Aim: a crocodile You throw a tomahawk.
The tomahawk hits the crocodile.
The crocodile is lightly wounded.
The crocodile closely misses you.
You closely miss the crocodile.
The crocodile is lightly wounded.
The crocodile bites you!
You die...
Your body disappears without a glow.

##...## ##.## #.# #.#
###*** #.# ....,* #.#
..... #.#
$.....####.#########*
(....(t@..........∩.,
*
$.....##############
,..... * .... ### *


You could see a crocodile.

Vanquished Creatures
  Edmund (D:4)
  The ghost of TBriggs11TB the Covered, an amateur HOFi (D:3)
  An orc priest (D:3)
  6 adders
  An adder skeleton (D:4)
  2 dart slugs
  3 giant geckos (D:4)
  4 orcs (D:3)
  4 giant cockroaches
  8 hobgoblins
  2 jackals (D:2)
  7 kobolds
  3 quokkas
  6 bats
  4 giant newts
  5 goblins
  5 rats
63 creatures vanquished.

Notes
Turn   | Place    | Note
--------------------------------------------------------------
     0 | D:1      | sarahorange the Deep Dwarf Artificer began the quest for the Orb.
     0 | D:1      | Reached XP level 1. HP: 16/16 MP: 3/3
   397 | D:1      | Reached skill level 1 in Short Blades
   799 | D:2      | Reached XP level 2. HP: 24/24 MP: 5/5
   831 | D:2      | Reached skill level 1 in Fighting
   869 | D:2      | Reached XP level 3. HP: 31/31 MP: 6/6
   931 | D:2      | Found a shadowy altar of Dithmenos.
  1067 | D:2      | Found a shattered altar of Ashenzari.
  1328 | D:2      | Reached skill level 1 in Armour
  1888 | D:3      | Noticed TBriggs11TB's ghost (amateur HOFi)
  1903 | D:3      | Killed TBriggs11TB's ghost
  1903 | D:3      | Reached skill level 1 in Throwing
  1903 | D:3      | Reached XP level 4. HP: 13/39 MP: 7/7
  1903 | D:3      | Reached XP level 5. HP: 15/45 MP: 8/8
  1910 | D:3      | Found a sparkling altar of Nemelex Xobeh.
  1920 | D:3      | Became a worshipper of Nemelex Xobeh the Trickster
  2141 | D:3      | Reached skill level 5 in Evocations
  2310 | D:3      | Received a gift from Nemelex Xobeh
  2383 | D:3      | Found a basalt altar of Yredelemnul.
  2687 | D:4      | Noticed Edmund
  2723 | D:4      | Killed Edmund
  2723 | D:4      | Reached XP level 6. HP: 32/52 MP: 9/9
  2899 | D:4      | Reached * piety under Nemelex Xobeh
  2924 | D:4      | Found a deep blue altar of Sif Muna.
  2949 | D:4      | Found a glowing drain.
  2984 | Sewer    | Entered a sewer
  3034 | Sewer    | Slain by a crocodile

Skill      XL: |  1  2  3  4  5 |
---------------+----------------+-----
Short Blades   | 1 |  1.8
Fighting       | 1 2 |  2.2
Armour         | 2 |  2.7
Throwing       | 1 2 |  2.2
Stealth        | 2 |  2.1
Dodging        | 3 |  3.7
Evocations     | 5 |  5.2

Action                   |  1- 3 |  4- 6 || total
-------------------------+-------+-------++-------
Melee: Short sword       |   108 |    55 ||   163
       Dagger            |       |    26 ||    26
       Dire flail        |       |    12 ||    12
Throw: Tomahawk          |    34 |    46 ||    80
Evoke: Wand              |     9 |    18 ||    27
  Use: Scroll            |     4 |     5 ||     9
       Potion            |       |     5 ||     5
 Stab: Sleeping          |     3 |       ||     3
  Eat: Bread ration      |     1 |       ||     1
       Chunk             |       |     1 ||     1
       Meat ration       |       |     1 ||     1
Armor: Leather armour    |    15 |     8 ||    23
       Skin              |       |    22 ||    22
       Chain mail        |       |    12 ||    12
Dodge: Dodged            |    57 |    54 ||   111
